 Dungeon Crawl Stone Soup version 0.25.1-2-g60ff931df9 (webtiles) character file.

Game seed: 78501058153483548

60 Ostronsa the Firebug (level 4, 0/49 HPs)
             Began as a Hill Orc Fire Elementalist on Sept 11, 2020.
             Succumbed to an adder's poison
             ... on level 2 of the Dungeon.
             The game lasted 00:23:57 (1355 turns).

Ostronsa the Firebug (Hill Orc Fire Elementalist)   Turns: 1355, Time: 00:23:58

Health: 0/49       AC:  2    Str: 10    XL:     4   Next: 6%
Magic:  4/7        EV: 12    Int: 16    God:
Gold:   72         SH:  0    Dex: 11    Spells: 3/7 levels left

rFire    . . .     SeeInvis .   i - +2 dagger (drain)
rCold    . . .     Gourm    .   (no shield)
rNeg     . . .     Faith    .   a - +0 robe
rPois    .         Spirit   .   (no helmet)
rElec    .         Reflect  .   (no cloak)
rCorr    .         Harm     .   (no gloves)
MR       .....                  (no boots)
Stlth    ..........             (no amulet)
HPRegen  0.16/turn              (no ring)
MPRegen  0.10/turn              (no ring)

@: berserking, lethally poisoned (0 -> -14), very quick
A: no striking features
a: no special abilities


You were on level 2 of the Dungeon.
You were not hungry.

You visited 1 branch of the dungeon, and saw 2 of its levels.

You collected 72 gold pieces.

Inventory:

Hand Weapons
 h - a +0 spear
 i - a +2 dagger of draining (weapon)
 j - a +0 dagger
Missiles
 o - 16 poisoned darts (quivered)
Armour
 a - a +0 robe (worn)
Jewellery
 b - an uncursed amulet of the acrobat {unknown}
 f - a +4 ring of evasion {unknown}
Scrolls
 d - 2 scrolls of identify {unknown}
 e - 3 scrolls of remove curse
 l - a scroll of random uselessness {unknown}
 n - a scroll of blinking {unknown}
 p - 2 scrolls of teleportation {unknown}
Potions
 k - a potion of heal wounds {unknown}
 m - a potion of brilliance {unknown}
 q - a potion of resistance {unknown}
Comestibles
 c - 3 rations


   Skills:
 + Level 1.0 Short Blades
 - Level 0.2 Polearms
 - Level 1.5 Dodging
 - Level 1.5 Stealth
 + Level 2.1 Spellcasting
 + Level 2.1 Conjurations
 + Level 3.9 Fire Magic


You had 3 spell levels left.
You knew the following spells:

 Your Spells              Type           Power        Failure   Level  Hunger
a - Foxfire               Conj/Fire      ##..         6%          1    #......
b - Conjure Flame         Conj/Fire      ##......     17%         3    ###....

Your spell library contained the following spells:

 Spells                   Type           Power        Failure   Level  Hunger
 Inner Flame              Hex/Fire       #.......     26%         3    ###....
 Confusing Touch          Hex            #.......     52%         3    ###....
 Gell's Gravitas          Tloc           #.........   52%         3    ###....
 Sticky Flame             Conj/Fire      ##......     50%         4    #####..
 Fireball                 Conj/Fire      ##........   85%         5    ######.
 Petrify                  Tmut/Erth      #.......     90%         4    #####..
 Metabolic Englaciation   Hex/Ice        #.........   99%         5    ######.
 Yara's Violent Unravell  Hex/Tmut       #.........   99%         5    ######.


Dungeon Overview and Level Annotations

Branches:
Dungeon (2/15)

Altars:


Message History

The adder is almost dead.
* * * LOW HITPOINT WARNING * * *
You feel sick. The adder bites you.
* * * LOW HITPOINT WARNING * * *
The jackal barely misses you.
You puncture the adder!
You kill the adder!
Your Short Blades skill increases to level 1!
You have reached level 4!
* * * LOW HITPOINT WARNING * * *
You feel sick.
The jackal bites you but does no damage.
The jackal barely misses you.
You closely miss the jackal.
The jackal bites you but does no damage.
The jackal bites you.
* * * LOW HITPOINT WARNING * * *
You puncture the jackal!
You kill the jackal!
You die...

(......#..####...#♣.♣#..###
#####
.#####...........##.##..8.8
.# #.#.......)..#.##......
.# .##.....[.....##.......
## #..####..#..##.......
... #..#..# ....... ##
#..#..# #..#..# #.@†..#
#†h#....... §...g.#..####
........#..# #.#####..# .#
# #..# S# #... . #... #.


You could see a jackal (drained) and a hobgoblin.

Vanquished Creatures
  3 adders (D:2)
  A dart slug (D:1)
  4 giant cockroaches
  3 goblins
  A hobgoblin (D:1)
  5 jackals
  2 ball pythons
  A bat (D:1)
  2 frilled lizards (D:1)
  4 kobolds
  5 rats
31 creatures vanquished.

Vanquished Creatures (others)
  61 foxfires
61 creatures vanquished.

Grand Total: 92 creatures vanquished

Notes
Turn   | Place    | Note
-------+----------+-------------------------------------------
     0 | D:1      | Ostronsa the Hill Orc Fire Elementalist began the quest for
                  | the Orb.
     0 | D:1      | Reached XP level 1. HP: 14/14 MP: 3/3
   454 | D:1      | Reached XP level 2. HP: 20/20 MP: 1/4
   996 | D:2      | Reached XP level 3. HP: 21/26 MP: 2/6
  1001 | D:2      | Learned a level 3 spell: Conjure Flame
  1353 | D:2      | Reached skill level 1 in Short Blades
  1353 | D:2      | Reached XP level 4. HP: 3/33 MP: 4/7
  1354 | D:2      | HP: 1/49 [jackal (2)]
  1355 | D:2      | Succumbed to an adder's poison

Illustrated notes

Levels and vault maps discovered:
D:1:      dpeg_arrival_another_circle, layout_rooms
D:2:      kennysheep_the_goblin_king, layout_loops_ring,
          chequers_ecumenical_altar_simple, serial_forest,
          infiniplex_forest_clump_tiny, infiniplex_forest_clump_diagonal,
          infiniplex_forest_straight_2, infiniplex_forest_lined_3

Skill      XL: |  1  2  3 |
---------------+----------+-----
Spellcasting   | 2 |  2.1
Conjurations   | 2 |  2.1
Short Blades   | 1 |  1.0
Polearms       | |  0.2
Dodging        | |  1.5
Stealth        | |  1.5
Fire Magic     | |  3.9

Action                   |  1- 3 |  4- 6 || total
-------------------------+-------+-------++-------
Melee: Unarmed           |     2 |       ||     2
       Dagger            |    34 |     2 ||    36
       Spear             |     3 |       ||     3
 Cast: Foxfire           |    37 |       ||    37
  Use: Scroll            |     1 |       ||     1
       Potion            |     1 |       ||     1
  Eat: Chunk             |     2 |       ||     2
Armor: Robe              |     5 |     2 ||     7
Dodge: Dodged            |    39 |     1 ||    40
